 Dungeon Crawl Stone Soup version 0.29.0-11-gd7f09526c8 (webtiles) character file.

Game seed: 3905534148927908002

32 greasedhog the Sneak (level 3, 0/19 HPs)
             Began as a Kobold Hedge Wizard on Sept 6, 2022.
             Killed from afar by Sigmund (5 damage)
             ... with a magic dart
             ... on level 2 of the Dungeon.
             The game lasted 00:01:58 (1773 turns).

greasedhog the Sneak (Kobold Hedge Wizard)          Turns: 1773, Time: 00:01:59

Health: 0/19       AC:  3    Str:  7    XL:     3   Next: 45%
Magic:  7/7        EV: 14    Int: 15    God:
Gold:   59         SH:  0    Dex: 16    Spells: 5/8 levels left

rFire   . . .      SeeInvis .   a - +0 dagger
rCold   . . .      Faith    .   (no shield)
rNeg    . . .      Spirit   .   n - +0 leather armour
rPois   .          Reflect  .   c - +0 hat
rElec   .          Harm     .   (no cloak)
rCorr   .          Rampage  .   (no gloves)
Will    .....                   (no boots)
Stlth   +++.......              (no amulet)
HPRegen 0.06/turn               (no ring)
MPRegen 0.10/turn               (no ring)

@: brilliant
A: small, no large weapons, nightstalker 3
a: no special abilities


You were on level 2 of the Dungeon.
You visited 1 branch of the dungeon, and saw 2 of its levels.

You collected 59 gold pieces.

Inventory:

Hand Weapons
 a - a +0 dagger (weapon)
Missiles
 g - 4 curare-tipped darts
Armour
 b - a +0 robe
 c - a +0 hat (worn)
 n - a +0 leather armour (worn)
Scrolls
 k - a scroll of amnesia
 l - 2 scrolls of torment
Potions
 d - a potion of magic
 i - a potion of flight


   Skills:
 * Level 2.5 Short Blades
 - Level 2.4 Dodging
 * Level 4.1 Stealth
 - Level 3.2 Spellcasting
 - Level 1.0 Conjurations
 - Level 1.0 Summonings
 - Level 1.0 Translocations


You had 5 spell levels left.
You knew the following spells:

 Your Spells              Type           Power      Damage    Failure   Level
a - Magic Dart            Conj           32%        1d4       21%         1
b - Blink                 Tloc           16%        N/A       30%         2

Your spell library contained the following spells:

 Spells                   Type           Power      Damage    Failure   Level
 Slow                     Hex            12%        N/A       30%         1
 Call Imp                 Summ           8%         N/A       30%         2
 Conjure Flame            Conj/Fire      5%         6-21      58%         3
 Mephitic Cloud           Conj/Pois/Air  5%         N/A       61%         3


Dungeon Overview and Level Annotations

Branches:
Dungeon (2/15)

Altars:

Shops:
D:1 [   D:2 (

Annotations:
D:2 Sigmund


Innate Abilities, Weirdness & Mutations

You are small and have problems with some larger weapons.
You are completely attuned to the shadows.


Message History

You closely miss something. You hit something but do no damage.
Something completely misses you.
You miss something. You completely miss something. Something hits you.
You hit something but do no damage. You closely miss something.
You hear some strange, mumbled words.
Something tries to affect you, but you resist.
You miss something. Something hits you!
You miss something.
You hear some strange, mumbled words.
Something tries to affect you, but you resist.
You feel better. Something hits you but does no damage.
You hit something but do no damage. You hit something. Something hits you.
You feel better.
You miss something.
You hear some strange, mumbled words.
A magic dart appears from out of thin air!
The magic dart hits you!
Ouch! That really hurt!
* * * LOW HITPOINT WARNING * * *
You feel better. Something hits you.
You hit something but do no damage. Something barely misses you.
You miss something. You miss something. Something barely misses you.
You feel better.
You miss something.
You hear some strange, mumbled words.
A magic dart appears from out of thin air!
The magic dart hits you!
* * * LOW HITPOINT WARNING * * *
Okay, then.
You can't see any enemies this would affect, really read the scroll of fear?
As you read the scroll of fear, it crumbles to dust.
You assume a fearsome visage.
You hear some strange, mumbled words.
A magic dart appears from out of thin air!
The magic dart hits you.
You die...

###### #.#.##.### #...# #
#######.#.##.# ####.####
#.....#......## #.......#
#.###.##......# #.......###
####.###.##...#.## #..#....##.
.............###### ##..#....#).
####.###.######...####...........
#.###.# #>.........###.....
#.....# #{@.#####..........
####### ##.## ##......#†. #.#
###.#####. #.# #.# #† #.# ###.###
#. #.....# #. #..)..# #. #.....#
#.....#


There were no monsters in sight!

Vanquished Creatures
  2 bats (D:2)
  5 endoplasms (D:1)
  A goblin (D:1)
  4 hobgoblins
  A jackal (D:1)
  A kobold (D:1)
  4 quokkas
  5 ball pythons
  2 frilled lizards (D:2)
  2 rats
27 creatures vanquished.

Notes
Turn   | Place    | Note
-------+----------+-------------------------------------------
     0 | D:1      | greasedhog the Kobold Hedge Wizard began the quest for the
                  | Orb.
     0 | D:1      | Reached XP level 1. HP: 10/10 MP: 4/4
   112 | D:1      | Reached skill level 3 in Stealth
   120 | D:1      | Reached skill level 1 in Short Blades
   128 | D:1      | Found Lemumef's Antique Armour Shoppe.
   134 | D:1      | Reached XP level 2. HP: 15/15 MP: 6/6
   140 | D:1      | Learned a level 2 spell: Blink
   973 | D:1      | Reached XP level 3. HP: 19/19 MP: 7/7
  1059 | D:2      | Found Agusi's Weapon Emporium.
  1200 | D:2      | Reached skill level 4 in Stealth
  1735 | D:2      | Noticed Sigmund
  1773 | D:2      | Killed from afar by Sigmund

Illustrated notes

Levels and vault maps discovered:
D:1:      giann_wishing_wells, layout_basic, serial_shops,
          nicolae_shop_competitors_out_of_business, st_stairs_9
D:2:      layout_loops_cross, basic_altar, serial_shops,
          nicolae_shop_bloodbath_and_beyond, hangedman_decor_points,
          amcnicky_mini_pool_small, minmay_fountain_box, uniq_sigmund

Skill      XL: |  1  2  3 |
---------------+----------+-----
Stealth        | 3 4 |  4.1
Short Blades   | 1 2 |  2.5
Dodging        | |  2.4
Spellcasting   | |  3.2
Conjurations   | |  1.0
Summonings     | |  1.0
Translocations | |  1.0

Action                   || total
-------------------------++-------
Melee: Dagger            ||    83
       Punch             ||     1
  Use: Scroll            ||     7
       Potion            ||     6
 Stab: Sleeping          ||    21
Armor: Robe              ||     4
       Leather armour    ||     2
Dodge: Dodged            ||    47
